 Dungeon Crawl Stone Soup version 0.22-b1-59-g0aedee7 (webtiles) character file.

21598 Lew the Protected (level 12, -16/118 HPs)
             Began as a Gargoyle Fighter on Aug 9, 2018.
             Was the Champion of Cheibriados.
             Killed from afar by a frost giant (38 damage)
             ... with a bolt of cold
             ... in an ice cave.
             The game lasted 00:58:29 (13827 turns).

Lew the Protected (Gargoyle Fighter)               Turns: 13827, Time: 00:58:30

Health: -16/118    AC: 26    Str: 42    XL:     12   Next: 91%
Magic:  13/13      EV:  2    Int: 23    God:    Cheibriados [******]
Gold:   921        SH: 16    Dex: 24    Spells: 10/11 levels left

rFire    . . .     SeeInvis .   B - +5 war axe of Tenacity {freeze, +Rage rPois MR-}
rCold    . . .     Gourm    .   c - +0 shield
rNeg     + + +     Faith    +   (armour currently unavailable)
rPois    ∞         Spirit   .   (helmet currently unavailable)
rElec    .         Reflect  .   (cloak currently unavailable)
rCorr    .         Harm     .   (gloves currently unavailable)
MR       .....     NoTele   +   (boots currently unavailable)
Stlth    +++.......             H - amulet of faith
HPRegen  0.29/turn              F - +3 ring of strength
MPRegen  0.13/turn              d - +4 ring of evasion

@: tree-form, very slightly contaminated, very slow
A: negative energy resistance 1, weak 1, petrification resistance, rot immunity,
AC +8
a: Bend Time, Temporal Distortion, Slouch, Step From Time, Renounce Religion,
Evoke Berserk Rage


You were in an ice cave.
You worshipped Cheibriados.
Cheibriados was exalted by your worship.
You were not hungry.
You were a tree.
You visited 3 branches of the dungeon, and saw 14 of its levels.
You also visited: Ice Cave.

You collected 1234 gold pieces.
You spent 313 gold pieces at shops.

Inventory:

Hand Weapons
 a - a +0 battleaxe
 g - the +1 rapier of Okawaru's Fury {protect, MR+ Str-4 Int+5}
   (You found it on level 10 of the Dungeon)

   It protects the one who uses it against injury (+AC on strike).
   It affects your strength (-4).
   It affects your intelligence (+5).
   It affects your resistance to hostile enchantments.
 i - a +3 hand axe of flaming
 z - the +9 trident of the Seer {speed, rN+ Str+4 Dex+2 Stlth-}
   (You found it on level 10 of the Dungeon)

   Attacks with this weapon are significantly faster.
   It affects your strength (+4).
   It affects your dexterity (+2).
   It protects you from negative energy.
   It makes you less stealthy.
   Cheibriados disapproves of the use of such an item.
 B - the +5 war axe of Tenacity (weapon) {freeze, +Rage rPois MR-}
   (You found it on level 6 of the Dungeon)

   It has been specially enchanted to freeze those struck by it, causing extra
   injury to most foes and up to half again as much damage against particularly
   susceptible opponents.
   It can also slow down cold-blooded creatures.
   It protects you from poison.
   It affects your resistance to hostile enchantments.
   It lets you go berserk.
Missiles
 p - 180 arrows
 s - 3 throwing nets
 E - 13 tomahawks (quivered)
Armour
 b - a +2 pair of gloves (melded)
 c - a +0 shield (worn)
 e - a +0 helmet (melded)
 v - a +0 plate armour (melded)
 C - a +2 cloak (melded)
Jewellery
 d - a +4 ring of evasion (right branch)
 k - an uncursed ring of protection from fire
 A - the ring of Jiycosk {Ice rPois Dex+4}
   (You found it on level 6 of the Dungeon)

   [ring of ice]

   It enhances your ice magic.
   It affects your dexterity (+4).
   It makes you vulnerable to fire.
   It protects you from cold.
   It protects you from poison.
 F - a +3 ring of strength (left branch)
 H - an amulet of faith (around neck)
Wands
 m - a wand of acid (4)
 n - a wand of enslavement (16)
 q - a wand of disintegration (6)
 u - a wand of polymorph (12)
 x - a wand of digging (28)
 y - a wand of flame (54)
 D - a wand of iceblast (11)
Scrolls
 j - a scroll of blinking
 o - 9 scrolls of remove curse
Potions
 h - 2 potions of agility
 w - 3 potions of flight
 I - a potion of cancellation
Comestibles
 f - 31 rations


   Skills:
 * Level 10.9 Fighting
 * Level 10.7 Axes
 * Level 11.8 Armour
 - Level 2.2 Stealth
 * Level 10.9 Shields
 * Level 3.4 Transmutations
 - Level 2.2 Invocations


You had 10 spell levels left.
You knew the following spells:

 Your Spells              Type           Power        Failure   Level  Hunger
a - Beastly Appendage     Tmut           ###...       6%          1    ##.....

Your spell library contained the following spells:

 Spells                   Type           Power        Failure   Level  Hunger
 Summon Demon             Summ           #.........   100%        5    ######.
 Recall                   Summ/Tloc      N/A          61%         3    ####...
 Spider Form              Tmut/Pois      #.........   36%         3    ####...
 Blade Hands              Tmut           ###.......   87%         5    ######.
 Ice Form                 Ice/Tmut       #.......     78%         4    #####..
 Shadow Creatures         Summ           N/A          100%        6    #######
 Sticks to Snakes         Tmut           ###.....     10%         2    ###....
 Aura of Abjuration       Summ           #.........   100%        5    ######.
 Summon Forest            Summ/Tloc      #.........   100%        5    ######.
 Summon Mana Viper        Hex/Summ       #.......     100%        5    ######.


Dungeon Overview and Level Annotations

Branches:
Dungeon (12/15)            Temple (1/1) D:5            Lair (0/6) D:10
    Orc (1/2) D:12

Altars:
Ashenzari
Cheibriados
Dithmenos
Elyvilon
Fedhas
Gozag
Hepliaklqana
Kikubaaqudgha
Makhleb
Nemelex Xobeh
Okawaru
Qazlal
Ru
Sif Muna
Trog
Uskayaw
Vehumet
Wu Jian
Xom
Yredelemnul
Zin
The Shining One

Shops:
D:9 *   D:10 *

Annotations:
D:4 2 runed doors
Orc:1 exclusion: 4 orange crystal statues


Innate Abilities, Weirdness & Mutations

You are resistant to torment.
((Your stone body is resilient. (AC +8)))
You are immune to poison.
You resist negative energy. (rN+)
((You are resistant to electric shocks. (rElec)))
((You can survive without breathing.))
You are immune to petrification.
You are immune to rotting.
((You have sharp fingernails.))
((Your flesh is heat resistant. (rF+)))
You are weak. (Str -2)


Message History

The yak is charmed.
The polar bear seems to regain its courage.
The polar bear closely misses your yak. The polar bear claws your yak. x2
The frost giant hits your yak with a battleaxe of freezing!!
The frost giant freezes your yak.
Your yak dies!
Aiming: Enslavement
Press: ? - help, Shift-Dir - straight line, f - polar bear
Aim: a polar bear (purple smoke, chance to defeat MR: 46%)
The polar bear is charmed.
The frost giant hits your polar bear with a battleaxe of freezing!
The frost giant freezes your polar bear.
Your polar bear bites the frost giant!!
Your polar bear claws the frost giant but does no damage.
Your polar bear barely misses the frost giant.
The frost giant points at you and mumbles some strange words.
The bolt of cold hits your polar bear.
Your polar bear resists.
Helpless, you fail to dodge the bolt of cold.
You die...

#....#.†######......## ##......#
....#.##≈≈##..##.....####..###...
###.#####≈≈†######....#...###..⌠.
≈≈### ##≈≈≈#≈ ###....### ##...
#### #≈≈≈≈≈≈≈##..####### #..##
.†.### #≈≈≈≈≈§≈##.#.####§§####..#
.##..###≈≈≈≈≈§§§≈≈####.≈##.#§.###
..###..#≈≈≈≈≈≈§§####..#####.###
..##...##≈≈≈≈≈≈#♣§§.### ###
######†.##≈≈≈###h#### ###.### ≈
#C§# #..## ##§. ###...# ##..
#...### #h. ..### #.h ### ..h #
..h


You could see a frost giant and a friendly polar bear.

Vanquished Creatures
  Harold (D:9)
  3 two-headed ogres
  A cyclops (D:11)
  Joseph (D:8)
  Maurice (Orc:1)
  A gargoyle (D:12)
  An ice statue (IceCv)
  A rime drake (IceCv)
  A komodo dragon (D:8)
  A queen bee (D:11)
  2 trolls
  9 polar bears (IceCv)
  A hippogriff (D:7)
  A wyvern (D:11)
  A spriggan (D:7)
  27 yaks
  A wraith (D:11)
  A hungry ghost (D:12)
  2 wargs (D:12)
  A soldier ant (D:12)
  4 water moccasins
  8 orc warriors
  3 sky beasts
  2 black bears (D:9)
  An ice beast (D:9)
  A phantom (D:6)
  8 ogres
  7 centaurs
  20 wolves (IceCv)
  A big kobold (D:9)
  7 bullfrogs
  4 scorpions
  31 killer bees
  3 wights (D:9)
  7 howler monkeys
  5 crimson imps
  3 centaur skeletons
  3 centaur zombies
  6 jellies
  9 orc wizards
  7 orc priests
  3 hounds
  4 bullfrog skeletons
  3 iguanas
  7 worker ants
  3 hound zombies
  6 gnolls
  A worker ant zombie (D:10)
  9 adders
  4 shadow imps
  2 adder skeletons
  An adder zombie (D:6)
  2 worms
  2 dart slugs
  6 leopard geckos
  49 orcs
  3 ball pythons
  13 giant cockroaches
  4 goblins
  10 hobgoblins
  11 jackals
  13 kobolds
  2 quokkas
  A ball python skeleton (D:4)
  3 bats
  3 frilled lizards
  A jackal skeleton (D:4)
  A leopard gecko skeleton (D:4)
  6 rats
371 creatures vanquished.

Vanquished Creatures (collateral kills)
  An orc wizard (D:9)
  An orc priest (D:9)
2 creatures vanquished.

Vanquished Creatures (others)
  2 polar bears (IceCv)
  2 yaks
  A wolf (IceCv)
  An orc wizard (D:12)
  3 worker ants (D:12)
  An adder (D:12)
  An orc (D:12)
11 creatures vanquished.

Grand Total: 384 creatures vanquished

Notes
Turn   | Place    | Note
-------+----------+-------------------------------------------
     0 | D:1      | Lew the Gargoyle Fighter began the quest for the Orb.
     0 | D:1      | Reached XP level 1. HP: 14/14 MP: 1/1
    67 | D:1      | Reached XP level 2. HP: 18/19 MP: 2/2
   919 | D:2      | Reached XP level 3. HP: 23/23 MP: 3/3
  1677 | D:3      | Reached XP level 4. HP: 25/29 MP: 4/4
  1695 | D:3      | Found a faded altar of an unknown god.
  1850 | D:3      | Reached XP level 5. HP: 17/33 MP: 5/5
  1850 | D:3      | Reached skill level 4 in Armour
  2579 | D:4      | Found a shattered altar of Ashenzari.
  2579 | D:4      | Found a snail-covered altar of Cheibriados.
  2579 | D:4      | Found a radiant altar of Vehumet.
  2579 | D:4      | Found a bloodstained altar of Trog.
  2589 | D:4      | Reached XP level 6. HP: 17/38 MP: 6/6
  2839 | D:4      | Became a worshipper of Cheibriados the Contemplative
  2984 | D:4      | Found a large runed door.
  2984 | D:4      | Found a large runed door.
  3011 | D:4      | Noticed an orc warrior
  3023 | D:4      | Killed an orc warrior
  3330 | D:4      | Found a large runed door.
  3330 | D:4      | Found a large runed door.
  3416 | D:4      | Reached * piety under Cheibriados
  3416 | D:4      | Reached XP level 7. HP: 39/44 MP: 7/7
  3438 | D:4      | Found the +6 shillelagh "Devastator" {shatter}
  3518 | D:4      | Reached skill level 5 in Fighting
  3538 | D:4      | Found a glowing silver altar of Zin.
  3538 | D:4      | Noticed an angel
  3587 | D:4      | Reached skill level 5 in Armour
  3587 | D:4      | Reached skill level 5 in Shields
  3771 | D:5      | Entered Level 5 of the Dungeon
  3812 | D:5      | Found a staircase to the Ecumenical Temple.
  3820 | D:5      | Reached skill level 5 in Axes
  3961 | D:5      | Reached XP level 8. HP: 43/50 MP: 8/8
  3995 | D:5      | Found a sparkling altar of Nemelex Xobeh.
  4069 | Temple   | Entered the Ecumenical Temple
  4740 | D:6      | Reached ** piety under Cheibriados
  4806 | D:6      | Found Xodghudi's Food Emporium.
  4951 | D:6      | Got a heavily runed glass ring
  4974 | D:6      | Got a jewelled war axe
  5058 | D:6      | Reached skill level 6 in Armour
  5132 | D:6      | Found a white marble altar of Elyvilon.
  5133 | D:6      | Found a deep blue altar of Sif Muna.
  5294 | D:6      | Identified the +5 war axe of Tenacity {freeze, +Rage rPois MR-} (You found it on level 6 of the Dungeon)
  5295 | D:6      | Identified the ring of Jiycosk {Ice rPois Dex+4} (You found it on level 6 of the Dungeon)
  5300 | D:6      | Gained mutation: You are weak. (Str -2) [potion of mutation]
  5300 | D:6      | Gained mutation: Your flesh is heat resistant. (rF+) [potion of mutation]
  5300 | D:6      | Gained mutation: You have sharp fingernails. [potion of mutation]
  5446 | D:7      | Reached *** piety under Cheibriados
  5446 | D:7      | Reached XP level 9. HP: 56/56 MP: 9/9
  6032 | D:7      | Reached skill level 7 in Armour
  6193 | D:8      | Reached **** piety under Cheibriados
  6358 | D:8      | Noticed a komodo dragon
  6367 | D:8      | Killed a komodo dragon
  6550 | D:8      | Noticed Joseph
  6571 | D:8      | Killed Joseph
  6571 | D:8      | Reached XP level 10. HP: 41/63 MP: 10/10
  7035 | D:9      | Noticed a two-headed ogre
  7585 | D:8      | Killed a two-headed ogre
  7585 | D:8      | Reached skill level 8 in Armour
  7956 | D:9      | Noticed Harold
  8019 | D:9      | Killed Harold
  8143 | D:9      | Reached skill level 9 in Armour
  8695 | D:9      | Noticed a two-headed ogre
  8699 | D:9      | Killed a two-headed ogre
  8806 | D:9      | Reached XP level 11. HP: 69/69 MP: 8/11
  8950 | D:9      | Reached ***** piety under Cheibriados
  9132 | D:9      | Found Idat's Assorted Antiques.
  9142 | D:9      | Bought a murky emerald potion for 22 gold pieces
  9142 | D:9      | Bought a scroll labeled TEVETA EREUMU for 25 gold pieces
  9162 | D:9      | Reached skill level 10 in Armour
  9425 | D:10     | Entered Level 10 of the Dungeon
  9554 | D:10     | Found a staircase to the Lair.
  9573 | D:10     | Got a scorched rapier
  9574 | D:10     | Identified the cursed +1 rapier of Okawaru's Fury {protect, MR+ Str-4 Int+5} (You found it on level 10 of the Dungeon)
  9608 | D:10     | Got a shimmering trident
  9609 | D:10     | Identified the +9 trident of the Seer {speed, rN+ Str+4 Dex+2 Stlth-} (You found it on level 10 of the Dungeon)
  9836 | D:10     | Found Ritiah's General Store.
  9863 | D:10     | Bought a +3 ring of strength for 266 gold pieces
 11055 | D:11     | Noticed a cyclops
 11059 | D:11     | Noticed a two-headed ogre
 11081 | D:11     | Killed a two-headed ogre
 11094 | D:11     | Killed a cyclops
 11094 | D:11     | Reached skill level 1 in Stealth
 11094 | D:11     | Reached skill level 1 in Invocations
 11430 | D:11     | Reached ****** piety under Cheibriados
 11973 | D:12     | Found a shimmering altar of Xom.
 11988 | D:12     | Reached skill level 10 in Axes
 12056 | D:12     | Learned a level 1 spell: Beastly Appendage
 12093 | D:12     | Reached XP level 12. HP: 71/77 MP: 13/13
 12101 | D:12     | Reached skill level 10 in Fighting
 12102 | D:12     | Reached skill level 11 in Armour
 12105 | D:12     | Reached skill level 10 in Shields
 12238 | D:12     | Reached skill level 1 in Transmutations
 12352 | D:12     | Found a staircase to the Orcish Mines.
 12794 | Orc:1    | Entered Level 1 of the Orcish Mines
 12803 | Orc:1    | Found a runed door.
 12812 | Orc:1    | Found the +10 large shield of Ignorance {rN+ Int-4}
 12856 | Orc:1    | Noticed Maurice
 12873 | Orc:1    | Killed Maurice
 13020 | Orc:1    | Found a frozen archway.
 13045 | IceCv    | Entered an ice cave
 13807 | IceCv    | Noticed a frost giant
 13827 | IceCv    | Killed from afar by a frost giant

Skill      XL: |  1  2  3  4  5  6  7  8  9 10 11 12 |
---------------+-------------------------------------+-----
Axes           | 2 3 4 5 6 8 9 10 | 10.7
Shields        | 4 5 6 7 8 9 10 | 10.9
Fighting       | 4 5 6 7 8 9 10 | 10.9
Armour         | 4 5 6 7 9 10 11 | 11.8
Stealth        | 2 |  2.2
Invocations    | 2 |  2.2
Transmutations | 3 |  3.4

Action                   |  1- 3 |  4- 6 |  7- 9 | 10-12 || total
-------------------------+-------+-------+-------+-------++-------
Melee: War axe           |    88 |       |       |   192 ||   280
       Hand axe          |    15 |   204 |   349 |   502 ||  1070
Throw: Tomahawk          |       |       |     7 |       ||     7
 Cast: Beastly Appendage |       |       |       |     1 ||     1
Evoke: Wand              |       |       |       |    25 ||    25
  Use: Potion            |     4 |       |     4 |    13 ||    21
       Scroll            |     6 |     2 |    12 |    21 ||    41
  Eat: Chunk             |     2 |     3 |       |     1 ||     6
       Ration            |       |     1 |     2 |     4 ||     7
Armor: Scale mail        |    57 |     1 |       |       ||    58
       Plate armour      |       |   134 |   165 |   313 ||   612
       Skin              |       |       |       |     7 ||     7
Dodge: Dodged            |    29 |    20 |    76 |   275 ||   400
Block: Shield            |    66 |    89 |   191 |   531 ||   877
